 Dungeon Crawl Stone Soup version 0.29-a0-919-gd064cfad1c (webtiles) character file.

Game seed: 1573222446610322848

63 quixfox the Digger (level 4, -3/24 HPs)
             Began as a Gargoyle Earth Elementalist on July 27, 2022.
             Constricted to death by Sigmund (7 damage)
             ... on level 3 of the Dungeon.
             The game lasted 00:04:04 (2042 turns).

quixfox the Digger (Gargoyle Earth Elementalist)    Turns: 2042, Time: 00:04:04

Health: -3/24      AC:  5    Str: 12    XL:     4   Next: 9%
Magic:  5/8        EV:  8    Int: 17    God:
Gold:   115        SH:  5    Dex: 10    Spells: 3/9 levels left

rFire   . . .      SeeInvis .   c - +0 dagger
rCold   + . .      Faith    .   (no shield)
rNeg    + . .      Spirit   .   a - +0 robe
rPois   ∞          Reflect  +   (no helmet)
rElec   +          Harm     .   (no cloak)
rCorr   +          Rampage  .   (no gloves)
Will    .....                   (no boots)
Stlth   ++........              o - amulet of reflection
HPRegen 0.08/turn               e - ring of protection from cold
MPRegen 0.11/turn               n - ring of resist corrosion

@: grasped by roots, constricted
A: sickness immunity, AC +3, negative energy resistance 1, electricity
resistance, torment resistance 1, petrification resistance
a: no special abilities


You were on level 3 of the Dungeon.
You visited 1 branch of the dungeon, and saw 3 of its levels.

You collected 115 gold pieces.

Inventory:

Hand Weapons
 c - a +0 dagger (weapon)
Armour
 a - a +0 robe (worn)
Jewellery
 e - a ring of protection from cold (left hand)
 n - a ring of resist corrosion (right hand)
 o - an amulet of reflection (around neck)
Scrolls
 d - a scroll of amnesia {unknown}
 h - 4 scrolls of identify {unknown}
 j - a scroll of magic mapping {unknown}
 k - a scroll of torment {unknown}
 l - a scroll of teleportation {unknown}
 m - a scroll of enchant armour {unknown}
Potions
 b - a potion of magic
 f - 3 potions of curing {unknown}
 g - 3 potions of heal wounds {unknown}
 i - a potion of attraction {unknown}
 p - a potion of cancellation {unknown}
 q - a potion of invisibility {unknown}
 r - a potion of might {unknown}


   Skills:
 - Level 1.5 Dodging
 - Level 2.1 Stealth
 + Level 3.0 Spellcasting
 + Level 1.2 Conjurations
 - Level 0.7 Transmutations
 + Level 4.7 Earth Magic


You had 3 spell levels left.
You knew the following spells:

 Your Spells              Type           Power      Damage    Failure   Level
a - Sandblast             Erth           36%        2d10      2%          1
b - Passwall              Tmut/Erth      9%         N/A       9%          2
c - Stone Arrow           Conj/Erth      24%        3d8       16%         3

Your spell library contained the following spells:

 Spells                   Type           Power      Damage    Failure   Level
 Petrify                  Tmut/Erth      11%        N/A       50%         4
 Irradiate                Conj/Tmut      2%         3d12      97%         5
 Sublimation of Blood     Necr           Unusable   N/A       N/A         2

Dungeon Overview and Level Annotations

Branches:
Dungeon (3/15)

Altars:

Annotations:
D:2 1 runed translucent door, Crazy Yiuf
D:3 Sigmund


Innate Abilities, Weirdness & Mutations

You are immune to sickness and miasma.
Your stone body is resilient. (AC +3)
You are immune to poison.
You resist negative energy. (rN+)
You are resistant to electric shocks. (rElec)
You are resistant to unholy torment.
You are immune to petrification.


Message History

There is a stone staircase leading up here.
The blast of sand hits the bat!
You kill the bat!
Your Spellcasting skill increases to level 3!
Magic restored.
You see here 7 stones.
You see here a +0 club.
You see here a +0 vorpal mace.
You see here a hobgoblin corpse.
h - 4 scrolls labelled KAGGUV ITHIS (gained 2)
r - a fizzy blue potion An endoplasm comes into view.
You can't see any susceptible monsters within range! (Use Z to cast anyway.)
The endoplasm quivers.
The blast of sand hits the endoplasm!
You kill the endoplasm!
You now have 105 gold pieces (gained 11).
Found a stone staircase leading down.
You now have 115 gold pieces (gained 10).
Sigmund the Dreaded comes into view.
He is wielding a +0 scythe and carrying a wand of roots (8).
You can't see any susceptible monsters within range! (Use Z to cast anyway.)
The blast of sand hits Sigmund!
Sigmund is moderately wounded.
Sigmund shouts!
The blast of sand hits Sigmund.
Sigmund is heavily wounded.
Sigmund zaps a wand.
The roots erupt in riotous growth!
The grasping roots grab you! The grasping roots constrict you.
Sigmund hits you from afar with a +0 scythe.
The grasping roots constrict you.
You hear a shout! x3
The blast of sand hits Sigmund.
Sigmund is heavily wounded.
Sigmund casts a spell at you. The magic dart hits you.
The grasping roots constrict you.
Sigmund hits you from afar with a +0 scythe.
* * * LOW HITPOINT WARNING * * *
The grasping roots constrict you!
You die...

####.#################..
..>.....................
##.####.###############.
##.####.#############...
........................
...#####.#######......#.
#.## #......#.
########..######......#.
.....@.@.......+......##
#########..#####.....##
#.# #.....# ..# #.....#
#.# .# ..


You could see Sigmund.

Vanquished Creatures
  2 worms (D:2)
  A dart slug (D:2)
  5 orcs
  5 endoplasms
  A giant cockroach (D:1)
  4 goblins (D:2)
  5 hobgoblins
  3 kobolds
  4 quokkas
  3 ball pythons
  4 bats
  3 frilled lizards
  5 rats
45 creatures vanquished.

Notes
Turn   | Place    | Note
-------+----------+-------------------------------------------
     0 | D:1      | quixfox the Gargoyle Earth Elementalist began the quest for
                  | the Orb.
     0 | D:1      | Reached XP level 1. HP: 10/10 MP: 3/3
   219 | D:1      | Reached skill level 4 in Earth Magic
   219 | D:1      | Reached XP level 2. HP: 15/15 MP: 3/5
   334 | D:1      | You fall into a shaft and drop 1 floor!
   851 | D:1      | Reached XP level 3. HP: 19/19 MP: 4/6
   854 | D:1      | Learned a level 2 spell: Passwall
   858 | D:1      | Learned a level 3 spell: Stone Arrow
  1186 | D:2      | Found a faded altar of an unknown god.
  1791 | D:2      | Found a runed translucent door.
  1792 | D:2      | Noticed Crazy Yiuf
  1880 | D:3      | Reached skill level 1 in Conjurations
  1891 | D:2      | Reached XP level 4. HP: 19/24 MP: 0/8
  2038 | D:3      | Noticed Sigmund
  2042 | D:3      | Constricted to death by Sigmund

Illustrated notes

Levels and vault maps discovered:
D:1:      pf_arrival_petrified_forest, layout_loops_ring
D:2:      layout_loops_ring, chequers_ecumenical_altar_island,
          minmay_pentomino_o4, uniq_crazy_yiuf_cottage
D:3:      layout_basic, gammafunk_ghost_split, serial_shops,
          nicolae_shop_hallway_stairs, saegor_snake_ambush, uniq_sigmund

Skill      XL: |  1  2  3  4 |
---------------+-------------+-----
Earth Magic    | 4 |  4.7
Conjurations   | 1 |  1.2
Spellcasting   | 3 |  3.0
Dodging        | |  1.5
Stealth        | |  2.1
Transmutations | |  0.7

Action                   |  1- 3 |  4- 6 || total
-------------------------+-------+-------++-------
 Cast: Sandblast         |    65 |     6 ||    71
Armor: Robe              |     6 |     2 ||     8
Dodge: Dodged            |    20 |     3 ||    23
Block: Other             |     4 |       ||     4

Table legend: (Time is in decaauts)
 A = Elapsed time spent in this place.
 B = Non-inter-level travel time spent in this place.
 C = Inter-level travel time spent in this place.
 D = Time resting spent in this place.
 E = Time spent auto-exploring this place.
 F = Levels seen in this place.
 G = Mean time per level.
                   A        B        C        D        E       F      G
               +--------+--------+--------+--------+--------+-----+--------+
         Total |   2113 |   2075 |     38 |     65 |   1672 |   3 |  704.3 |
       Dungeon |   2113 |   2075 |     38 |     65 |   1672 |   3 |  704.3 |
               +--------+--------+--------+--------+--------+-----+--------+

Top non-repeatable levels by time:
     D:2: 1053 daAuts
     D:1: 972 daAuts
     D:3: 87 daAuts
